 Dungeon Crawl Stone Soup version 0.20-a0-823-gdec668e (webtiles) character file.

200 pisechka the Magician (level 5, -7/28 HPs)
             Began as a Deep Elf Fire Elementalist on Mar 5, 2017.
             Killed by divine providence
             ... invoked by an orc priest
              (9 damage)
             ... on level 3 of the Dungeon.
             The game lasted 00:25:42 (4328 turns).

pisechka the Magician (Deep Elf Fire Elementalist)  Turns: 4328, Time: 00:25:42

Health: -7/28      AC:  6    Str:  5    XL:     5   Next: 48%
Magic:  2/14       EV: 13    Int: 21    God:
Gold:   157        SH:  0    Dex: 15    Spells: 9/13 levels left

rFire    . . .     SeeInvis .   (no weapon)
rCold    + . .     Gourm    .   p - +2 robe {rC+}
rNeg     . . .     Faith    .   (no shield)
rPois    .         Spirit   .   j - +0 helmet
rElec    .         Reflect  .   i - +0 cloak
rCorr    .         Harm     .   (no gloves)
MR       .....                  (no boots)
Stlth    ++........             (no amulet)
Regen    0.1/turn               (no ring)
MPRegen  0.2/turn               m - ring of flight

@: no status effects
A: no striking features
a: Evoke Flight


You were on level 3 of the Dungeon.
You were hungry.

You visited 1 branch of the dungeon, and saw 3 of its levels.

You collected 157 gold pieces.

Inventory:

Armour
 c - a +0 buckler
 i - a +0 cloak (worn)
 j - a +0 helmet (worn)
 p - a +2 robe of cold resistance (worn)
 s - a +0 leather armour
Jewellery
 m - a ring of flight (left hand)
Scrolls
 a - a scroll of teleportation {unknown}
 e - 3 scrolls of identify {unknown}
 g - a scroll of recharging {unknown}
 k - a scroll of enchant armour {unknown}
 n - a scroll of fear {unknown}
 o - 2 scrolls of remove curse {unknown}
 v - a scroll of enchant weapon {unknown}
Potions
 d - 3 potions of curing {unknown}
 f - a potion of haste {unknown}
 h - a potion of mutation {unknown}
 r - a potion of berserk rage {unknown}
 t - a potion of flight {unknown}
 u - a potion of degeneration {unknown}
Books
 b - a book of Flames

   Spells                             Type                      Level
   a - Flame Tongue                   Conjuration/Fire             1
   b - Throw Flame                    Conjuration/Fire             2
   c - Conjure Flame                  Conjuration/Fire             3
   d - Inner Flame                    Hexes/Fire                   3
   e - Sticky Flame                   Conjuration/Fire             4
   f - Fireball                       Conjuration/Fire             5
Comestibles
 l - a royal jelly
 q - 3 fruits


   Skills:
 - Level 2.7 Dodging
 - Level 2.9 Stealth
 + Level 4.9 Spellcasting
 + Level 3.2 Conjurations
 + Level 4.7 Fire Magic


You had 9 spell levels left.
You knew the following spells:

 Your Spells              Type           Power        Failure   Level  Hunger
a - Flame Tongue          Conj/Fire      ###..        1%          1    None
b - Conjure Flame         Conj/Fire      ###.....     10%         3    ##.....


Dungeon Overview and Level Annotations

Branches:
Dungeon (3/15)

Altars:
Kikubaaqudgha


Message History

The floor.
Casting: Flame Tongue
Confirm with . or Enter, or press ? or * to list all spells.
Okay, then.
Casting: Flame Tongue
Confirm with . or Enter, or press ? or * to list all spells.
Aiming: Flame Tongue
Press: ? - help, Shift-Dir - straight line, f - bat, p - orc priest
Aim: a bat The flame tongue hits the bat.
You kill the bat!
Casting: Flame Tongue
Confirm with . or Enter, or press ? or * to list all spells.
Aiming: Conjure Flame
Press: ? - help, Dir - move target cursor The fire ignites!
You see here a bat corpse.
The orc priest calls down the wrath of Beogh upon you.
Beogh smites you!
You die...

# ##...## #..###.# #
##'## #..# #.# # #.#
#..###.# # ##### #.#
#......#
####...###.##
#.######
.....#......## #.#
....#.#......# #.#
##..###.....######.#
#.#...#....o...@..#
##.#######.#########
...# #.# #### #.#
#.# #.# #.# ####
###.##### ...##
#.......# ###


You could see an orc priest.

Vanquished Creatures
  2 orc wizards (D:3)
  4 gnolls (D:3)
  5 adders
  A dart slug (D:3)
  3 leopard geckos
  5 orcs (D:3)
  3 giant cockroaches
  3 goblins
  6 hobgoblins
  A quokka (D:2)
  9 bats
  4 frilled lizards
  2 kobolds
  11 rats
59 creatures vanquished.

Notes
Turn   | Place    | Note
-------+----------+-------------------------------------------
     0 | D:1      | pisechka the Deep Elf Fire Elementalist began the quest for the Orb.
     0 | D:1      | Reached XP level 1. HP: 10/10 MP: 6/6
   528 | D:1      | Reached XP level 2. HP: 15/15 MP: 4/8
  1101 | D:2      | Reached XP level 3. HP: 19/19 MP: 3/10
  1404 | D:2      | Learned a level 3 spell: Conjure Flame
  2066 | D:2      | Found an ancient bone altar of Kikubaaqudgha.
  2962 | D:3      | Reached XP level 4. HP: 24/24 MP: 5/11
  3934 | D:3      | Reached XP level 5. HP: 24/28 MP: 2/13
  4302 | D:3      | HP: 1/28 [orc priest/divine providence (13)]
  4319 | D:3      | HP: 1/28 [bat (1)]
  4328 | D:3      | Killed from afar by an orc priest

Vault maps used:
D:1:      onia_arrival_handbag, kennysheep_crisscross
D:2:      kiku_gazebo_garden_becter

Skill      XL: |  1  2  3  4 |
---------------+-------------+-----
Fire Magic     | 4 |  4.7
Conjurations   | 2 3 |  3.2
Spellcasting   | 4 |  4.9
Dodging        | |  2.7
Stealth        | |  2.9

Action                   |  1- 3 |  4- 6 || total
-------------------------+-------+-------++-------
Melee: Unarmed           |     4 |       ||     4
 Cast: Flame Tongue      |    80 |    55 ||   135
       Conjure Flame     |     1 |     6 ||     7
  Eat: Bread ration      |     2 |       ||     2
       Chunk             |     1 |       ||     1
Armor: Robe              |    11 |     6 ||    17
Dodge: Dodged            |    30 |    24 ||    54
